AoeStats
← Dragon

Fortress

508754843Analyzed
2v2 RM · 9d ago on Sep 23, 2026· 50m 28s· 4 players
Game mode
Random Map
Map size
Normal (6 player)
Population
200
Speed
Normal
Resources
Standard
Victory
Conquest
Starting age
Dark Age
Ending age
Imperial Age
RankedLock teamsTeams togetherTeam positionsShared explorationLock speedFull tech treeHidden civsTurbo modeCheats
Victory
Defeat
🇩🇪 Dravidians · Germany
1422
+11
🇪🇸 Mongols · Spain
1309
+15
🇩🇪 Varangians · Germany
1326
-14
🇩🇪 Byzantines · Germany
1284
-12
siggi-lok
6:50 Feudal Age
10:31 Castle Age
13:49 Double-Bit Axe
13:57 Horse Collar
18:40 Stone Mining
23:08 Wheelbarrow
24:15 Loom
24:45 Hand Cart
27:21 Imperial Age
26:07 Scale Barding Armor
26:13 Forging
26:18 Fortified Wall
26:32 Murder Holes
26:58 Ballistics
28:00 Chain Barding Armor
28:43 Iron Casting
28:28 Bow Saw
28:11 Gold Mining
28:57 Stone Shaft Mining
28:29 Heavy Plow
29:47 Chemistry
28:51 Husbandry
29:16 Conscription
29:34 Fletching
30:20 Plate Barding Armor
32:00 Two-Man Saw
30:39 Heavy Camel Rider
31:32 Bodkin Arrow
31:39 Padded Archer Armor
31:40 Scale Mail Armor
32:01 Logistica
32:23 Bracer
33:42 Thumb Ring
32:58 Elite Skirmisher
33:57 Leather Archer Armor
33:57 Chain Mail Armor
37:11 Bombard Tower
38:12 Ring Archer Armor
38:13 Plate Mail Armor
44:23 Light Cavalry
Dragon
8:11 Feudal Age
13:04 Castle Age
12:39 Horse Collar
12:46 Double-Bit Axe
14:42 Bow Saw
17:06 Wheelbarrow
16:34 Heavy Plow
18:30 Loom
19:05 Gold Mining
22:57 Imperial Age
20:54 Loom
21:04 Fletching
21:16 Padded Archer Armor
21:27 Forging
21:17 Scale Mail Armor
21:21 Squires
24:16 Conscription
24:07 Gothikon
24:54 Elite Skirmisher
25:55 Chain Mail Armor
26:35 Iron Casting
28:30 Hand Cart
28:34 Arson
29:19 Elite Varangian Guard
30:35 Gambesons
30:38 Town Watch
30:44 Pikeman
31:51 Leather Archer Armor
32:07 Plate Mail Armor
31:34 Bodkin Arrow
32:23 Fortified Wall
34:07 Chemistry
33:28 Ballistics
34:24 Ring Archer Armor
34:52 Halberdier
41:09 Blast Furnace
40:09 Bracer
40:07 Elite Jarl
43:10 Bloodlines
43:00 Husbandry
43:38 Scale Barding Armor
44:06 Man-at-Arms
45:45 Light Cavalry
Cassalleta
6:39 Feudal Age
11:15 Castle Age
9:29 Double-Bit Axe
9:28 Horse Collar
13:47 Bow Saw
19:07 Wheelbarrow
18:51 Heavy Plow
19:29 Padded Archer Armor
19:22 Fletching
20:35 Hand Cart
20:31 Loom
20:49 Bodkin Arrow
21:12 Leather Archer Armor
21:34 Scale Barding Armor
21:39 Forging
21:56 Gold Mining
22:29 Husbandry
22:40 Bloodlines
23:24 Ballistics
27:47 Imperial Age
24:52 Light Cavalry
26:58 Iron Casting
26:43 Chain Barding Armor
26:29 Stone Mining
27:15 Gold Shaft Mining
27:58 Chain Barding Armor
28:14 Elite Mangudai
29:07 Bracer
29:51 Conscription
30:38 Blast Furnace
29:56 Capped Ram
29:59 Hussar
31:17 Drill
33:20 Chemistry
33:07 Siege Ram
44:04 Caravan
44:35 Coinage
Bechti420
9:07 Feudal Age
10:04 Horse Collar
13:05 Castle Age
10:56 Double-Bit Axe
11:07 Gold Mining
13:30 Wheelbarrow
13:49 Heavy Plow
26:40 Imperial Age
24:52 Loom
24:33 Man-at-Arms
25:01 Gambesons
25:16 Squires
25:31 Bow Saw
25:42 Fletching
25:23 Long Swordsman
26:05 Stone Mining
27:04 Hand Cart
26:35 Town Watch
27:04 Scale Mail Armor
27:00 Bodkin Arrow
27:15 Forging
27:07 Padded Archer Armor
27:31 Ballistics
27:40 Conscription
27:27 Medical Corps
26:45 Elite Elephant Archer
27:32 Thumb Ring
28:36 Two-Man Saw
28:59 Chemistry
28:38 Bracer
28:54 Chain Mail Armor
29:15 Iron Casting
28:04 Two-Handed Swordsman
30:52 Leather Archer Armor
31:08 Plate Mail Armor
31:39 Blast Furnace
30:02 Champion
30:03 Pikeman
31:17 Fortified Wall
31:18 Masonry
31:31 Guilds
31:24 Caravan
32:08 Ring Archer Armor
31:54 Arson
33:32 Bombard Tower
34:16 Wootz Steel
46:12 Coinage
45:41 Elite Skirmisher
51:26 Banking
Connection lost

Rejoining the realm…

Still unreachable

The connection could not be restored.

Session expired

The server has moved on; the page needs a fresh start.